 Dungeon Crawl Stone Soup version 0.28-a0-1435-g82390b3a13 (webtiles) character file.

Game seed: 11568962016945333349

22201 rogsnak the Thaumaturge (level 12, -12/83 HPs)
             Began as a Demonspawn Air Elementalist on Jan 10, 2022.
             Was a Believer of Sif Muna.
             Mangled by Erolcha (18 damage)
             ... on level 12 of the Dungeon.
             The game lasted 00:41:17 (16877 turns).

rogsnak the Thaumaturge (DsAE)                     Turns: 16877, Time: 00:41:17

Health: -12/83     AC:  8    Str:  5    XL:     12   Next: 60%
Magic:  15/36      EV: 18    Int: 26    God:    Sif Muna [**....]
Gold:   694        SH:  5    Dex: 13    Spells: 14/33 levels left

rFire   . . .      SeeInvis +   g - +10 spear of Igo Culi {venom, Str-4 SInv Stlth+}
rCold   . . .      Faith    .   (no shield)
rNeg    . . .      Spirit   .   X - +0 robe of Paniel {rElec Int+4}
rPois   +          Reflect  +   f - +0 helmet
rElec   +          Harm     .   H - +0 cloak
rCorr   .          Rampage  .   I - +0 pair of gloves
Will    .....                   (no boots)
Stlth   +++.......              v - amulet of reflection
HPRegen 0.23/turn               U - ring of poison resistance
MPRegen 0.25/turn               p - ring of magical power

@: agile, slowed, studying Poison Magic, very slow
A: yellow scales 2, ignite blood 2, powered by pain 2, demonic touch 2
a: Renounce Religion, Channel Magic


You were on level 12 of the Dungeon.
You worshipped Sif Muna.
Sif Muna was pleased with you.
You visited 2 branches of the dungeon, and saw 13 of its levels.
You also visited: Sewer and Bailey.

You collected 694 gold pieces.

Inventory:

Hand Weapons
 g - the +10 spear of Igo Culi (weapon) {venom, Str-4 SInv Stlth+}
   (You found it on level 6 of the Dungeon)

   It poisons the flesh of those it strikes.
   Str:       It affects your strength (-4).
   SInv:      It lets you see invisible.
   Stlth:     It makes you more stealthy.
 G - a +4 quarterstaff of chaos
 M - the +6 mace of the Bruised Souls {flame, rN++}
   (You found it on level 7 of the Dungeon)

   It burns those it strikes, dealing additional fire damage.
   rN:        It greatly protects you from negative energy.
Missiles
 i - 5 throwing nets
 k - 28 boomerangs
 r - 21 poisoned darts
 t - 84 bolts
 x - 6 curare-tipped darts
Armour
 f - a +0 helmet (worn)
 D - a +2 robe of willpower
 H - a +0 cloak (worn)
 I - a +0 pair of gloves (worn)
 K - +0 steam dragon scales
 X - the +0 robe of Paniel (worn) {rElec Int+4}
   (You found it on level 10 of the Dungeon)

   Int:       It affects your intelligence (+4).
   rElec:     It insulates you from electricity.
Jewellery
 b - a ring of protection from fire
 p - a ring of magical power (right hand)
 v - an amulet of reflection (around neck)
 w - a ring of resist corrosion
 U - a ring of poison resistance (left hand)
 V - a ring of protection from fire
Wands
 B - a wand of flame (22)
 E - a wand of polymorph (2)
 J - a wand of acid (4)
 O - a wand of iceblast (14)
 W - a wand of charming (3)
Scrolls
 a - a scroll of immolation {unknown}
 c - a scroll of vulnerability {unknown}
 e - 2 scrolls of summoning {unknown}
 h - 6 scrolls of identify {unknown}
 j - 3 scrolls of noise {unknown}
 l - 3 scrolls of blinking {unknown}
 q - 7 scrolls of teleportation
 s - 4 scrolls of fear {unknown}
 y - 3 scrolls of enchant armour {unknown}
 F - 3 scrolls of fog {unknown}
 L - a scroll of torment {unknown}
 T - 3 scrolls of magic mapping {unknown}
 Z - a scroll of silence {unknown}
Potions
 d - 2 potions of attraction {unknown}
 m - a potion of might {unknown}
 n - 4 potions of curing {unknown}
 o - 4 potions of heal wounds
 u - 8 potions of mutation {unknown}
 z - 4 potions of flight
 A - 3 potions of invisibility
 C - 5 potions of haste {unknown}
 N - 2 potions of brilliance
 P - a potion of berserk rage {unknown}
 S - a potion of ambrosia {unknown}
 Y - a potion of lignification {unknown}


   Skills:
 + Level 3.6 Fighting
 + Level 2.3 Armour
 + Level 4.5 Dodging
 - Level 1.7 Stealth
 + Level 0.8 Shields
 + Level 11.1 Spellcasting
 * Level 11.0 Conjurations
 + Level 10.7 Air Magic
 - Level 1.0 Poison Magic
 + Level 3.5 Invocations
 + Level 2.6 Evocations


You had 14 spell levels left.
You knew the following spells:

 Your Spells              Type           Power      Damage    Failure   Level
a - Shock                 Conj/Air       100%       1d9       1%          1
b - Swiftness             Air            63%        N/A       1%          3
c - Airstrike             Air            31%        N/A       1%          4
d - Mephitic Cloud        Conj/Pois/Air  52%        N/A       1%          3
e - Flame Wave            Conj/Fire      43%        2d8       4%          4
f - Sticky Flame          Conj/Fire      43%        2d6       4%          4

Your spell library contained the following spells:

 Spells                   Type           Power      Damage    Failure   Level
 Magic Dart               Conj           100%       1d8       1%          1
 Corpse Rot               Necr/Air       84%        N/A       1%          2
 Searing Ray              Conj           100%       2d8       1%          2
 Static Discharge         Conj/Air       63%        N/A       1%          2
 Animate Skeleton         Necr           28%        N/A       4%          1
 Pain                     Necr           56%        1d6       4%          1
 Fulminant Prism          Conj/Hex       21%        3d13      4%          4
 Blink                    Tloc           28%        N/A       6%          2
 Call Imp                 Summ           14%        N/A       6%          2
 Scorch                   Fire           28%        2d6       6%          2
 Lesser Beckoning         Tloc           14%        N/A       12%         3
 Vampiric Draining        Necr           14%        2d7       12%         3
 Animate Dead             Necr           7%         N/A       38%         4
 Dispel Undead            Necr           14%        3d10      38%         4
 Borgnjor's Vile Clutch   Necr/Erth      7%         N/A       75%         5
 Manifold Assault         Tloc           14%        N/A       75%         5
 Storm Form               Tmut/Air       21%        N/A       98%         7
 Death Channel            Necr           7%         N/A       99%         6
 Summon Cactus Giant      Summ           7%         N/A       99%         6


Dungeon Overview and Level Annotations

Branches:
Dungeon (12/15)            Temple (1/1) D:5            Lair (0/6) D:10
  Sewer (visited)          Bailey (visited)
    Orc: D:9-12

Altars:
Ashenzari
Cheibriados
Dithmenos
Elyvilon
Fedhas
Gozag
Hepliaklqana
Kikubaaqudgha
Makhleb
Nemelex Xobeh
Okawaru
Qazlal
Ru
Sif Muna
Trog
Uskayaw
Vehumet
Wu Jian
Xom
Yredelemnul
Zin
The Shining One

Shops:
D:3 (?[:=   D:7 [   D:10 [

Annotations:
D:7 water/wall cache?, exclusion: orange crystal statue
D:12 Erolcha


Innate Abilities, Weirdness & Mutations

You are mostly covered in yellow scales. (AC +3)
Your demonic aura often causes spilled blood to erupt in flames.
You sometimes gain power by taking damage.
Your touch may inflict irresistible damage on your foes.


Message History

You feel yourself slow down.
Erolcha mumbles some strange words.
Erolcha blinks!
Unknown command.
You closely miss the guardian serpent.
The guardian serpent is almost dead.
The guardian serpent burns! x2; The guardian serpent hits you!!
* * * LOW HITPOINT WARNING * * *
The guardian serpent barely misses you. The guardian serpent hits you!
* * * LOW HITPOINT WARNING * * *
You focus on the pain.
You feel agile all of a sudden.
Unknown command.
Unknown command.
Casting: Sticky Flame (dangerous; 4% risk of failure)
Confirm with . or Enter, or press ? or * to list all spells.
Aiming: Airstrike (mildly dangerous; 1% risk of failure)
Press: ? - help, Dir - move target, f/p - guardian serpent
Aim: a guardian serpent (almost dead, covered in liquid flames, empty space bonus: 1/8)
The air twists around and strikes the guardian serpent!
You kill the guardian serpent!
Sif Muna accepts your kill.
Erolcha burns!
Unknown command.
Unknown command.
Casting: Airstrike (mildly dangerous; 1% risk of failure)
Confirm with . or Enter, or press ? or * to list all spells.
Aiming: Mephitic Cloud (safe; 1% risk of failure)
Press: ? - help, Shift-Dir - straight line, f - Erolcha
Aim: Erolcha, wielding a +0 giant spiked club and wearing a +0 robe (moderately wounded, slightly transparent, covered in liquid flames, chance to affect: 72%)
The ball explodes into a vile cloud!
The stinking cloud engulfs Erolcha but does no damage.
Erolcha is moderately wounded.
The stinking cloud engulfs you but does no damage.
You hear a horrible gurgling sound!
Erolcha burns! x2; Erolcha is engulfed in noxious fumes.
Erolcha appears confused.
Erolcha barely misses you.
Erolcha is engulfed in noxious fumes.
Erolcha hits you with a +0 giant spiked club!!
You die...

#. #. #+######. ....
..#§##+# ........#....
.....P♣.##.. ....P≈≈.##.#
.## ...P≈♣○##☼# ..
.P≈♣°@O☼# ###.## ♣≈♣○####
#.... #.# . #..# #..#....
....##..########..##..
..................##.#
...........[......##'####
......≈PP.P..PPP≈........
......≈≈≈≈≈..≈≈≈P........
......≈≈≈≈≈P≈≈P≈≈........


You could see Erolcha (invisible, confused, burning).

Vanquished Creatures
  An orc warlord (Bailey)
  Harold (D:7)
  4 two-headed ogres
  Pikel (D:5)
  A manticore (D:12)
  2 cyclopes (D:11)
  A centaur zombie (D:11)
  Joseph (D:8)
  A guardian serpent (D:12)
  Maggie (D:7)
  A gargoyle (D:12)
  Grinder (D:4)
  A hornet (D:10)
  Prince Ribbit (D:7)
  5 slime creatures (D:11)
  Sigmund (D:5)
  2 water elementals (D:12)
  2 wyverns
  12 yaks
  A steam dragon (D:8)
  An acid dragon (D:11)
  Duvessa (D:7)
  A water moccasin (D:6)
  A sky beast (D:7)
  7 orc warriors
  2 necrophages
  2 ice beasts
  An ogre (D:7)
  10 centaurs
  3 lemures (D:5)
  A phantom (D:4)
  Blork the orc (D:4)
  3 kobold brigands
  A bullfrog (D:9)
  4 scorpions (D:6)
  3 gnoll sergeants
  Dowan (D:7)
  A killer bee (D:10)
  A vampire bat (D:3)
  4 wights
  3 electric eels (D:7)
  3 howler monkeys
  A crimson imp (D:8)
  A bullfrog zombie (D:5)
  A hound (D:4)
  2 jellies
  2 gnoll shamans (D:6)
  An orc priest (D:6)
  Crazy Yiuf (D:5)
  A centaur skeleton (D:7)
  3 iguanas
  Ijyb (D:5)
  A merfolk siren (Sewer)
  An orc wizard (D:12)
  A merfolk avatar (Sewer)
  A killer bee zombie (D:8)
  A hound skeleton (D:5)
  A mummy (D:3)
  2 howler monkey zombies
  26 gnolls
  4 river rats (Sewer)
  5 adders
  A shadow imp (D:7)
  A white imp (D:6)
  An ufetubus (D:3)
  2 worms
  A dart slug (D:2)
  3 fire bats (D:3)
  21 orcs
  2 spectral bats (D:3)
  17 ball pythons
  20 bats
  3 bat skeletons (D:3)
  A bat zombie (D:3)
  3 endoplasms
  4 giant cockroaches
  11 goblins
  11 hobgoblins
  6 jackals
  29 kobolds
  3 quokkas
  A bat simulacrum (D:3)
  7 frilled lizards
  26 rats
327 creatures vanquished.

Vanquished Creatures (others)
  An unseen horror (D:7)
  An orc (D:7)
  16 fungi (D:6)
  A plant (D:12)
19 creatures vanquished.

Grand Total: 346 creatures vanquished

Notes
Turn   | Place    | Note
-------+----------+-------------------------------------------
     0 | D:1      | rogsnak the Demonspawn Air Elementalist began the quest for
                  | the Orb.
     0 | D:1      | Reached XP level 1. HP: 13/13 MP: 3/3
   282 | D:1      | Found a faded altar of an unknown god.
   456 | D:1      | Gained mutation: You are partially covered in yellow
                  | scales. (AC +2) [demonic ancestry]
   456 | D:1      | Reached XP level 2. HP: 19/19 MP: 1/5
  1778 | D:2      | Reached XP level 3. HP: 24/24 MP: 6/6
  2272 | D:3      | Found Asiobest's Armour Boutique.
  2300 | D:3      | Found Faur's Jewellery Emporium.
  2381 | D:3      | Found Kaoz's Book Shop.
  2434 | D:3      | Found Qonil's Magic Scroll Shoppe.
  2441 | D:3      | Found Jeothruuca's Antique Weapon Emporium.
  2873 | D:3      | Reached XP level 4. HP: 29/30 MP: 8/8
  3235 | D:3      | Gained mutation: Your touch may inflict minor irresistible
                  | damage on your foes. [demonic ancestry]
  3235 | D:3      | Reached XP level 5. HP: 29/35 MP: 10/10
  3555 | D:3      | Found a snail-covered altar of Cheibriados.
  3822 | D:4      | Noticed a phantom
  3830 | D:4      | Killed a phantom
  3831 | D:4      | Gained mutation: Your demonic aura sometimes causes spilled
                  | blood to erupt in flames. [demonic ancestry]
  3831 | D:4      | Reached XP level 6. HP: 40/42 MP: 11/11
  3996 | D:4      | Noticed Grinder
  4101 | D:4      | Killed Grinder
  4102 | D:4      | Gained mutation: Your demonic aura often causes spilled
                  | blood to erupt in flames. [demonic ancestry]
  4102 | D:4      | Reached XP level 7. HP: 37/47 MP: 8/13
  4330 | D:4      | Noticed Blork the orc
  4335 | D:4      | Killed Blork the orc
  4466 | D:5      | Entered Level 5 of the Dungeon
  4467 | D:5      | Found a glowing drain.
  4515 | Sewer    | Entered a sewer
  4668 | Sewer    | Reached skill level 5 in Conjurations
  4742 | Sewer    | Learned a level 3 spell: Swiftness
  4747 | Sewer    | Learned a level 4 spell: Airstrike
  4751 | Sewer    | Learned a level 3 spell: Mephitic Cloud
  5106 | D:5      | Found a blossoming altar of Fedhas.
  5133 | D:5      | Noticed Pikel
  5326 | D:5      | Killed Pikel
  5327 | D:5      | Reached skill level 1 in Fighting
  5327 | D:5      | Reached skill level 5 in Spellcasting
  5327 | D:5      | Reached skill level 5 in Air Magic
  5327 | D:5      | Gained mutation: You are mostly covered in yellow scales.
                  | (AC +3) [demonic ancestry]
  5327 | D:5      | Reached XP level 8. HP: 30/54 MP: 10/16
  5594 | D:5      | Noticed Sigmund
  5605 | D:5      | Killed Sigmund
  5878 | D:5      | Found a staircase to the Ecumenical Temple.
  5903 | Temple   | Entered the Ecumenical Temple
  6041 | D:5      | Noticed Ijyb
  6049 | D:5      | Killed Ijyb
  6233 | D:5      | Found a runed translucent door.
  6234 | D:5      | Noticed Crazy Yiuf
  6240 | D:5      | Killed Crazy Yiuf
  6721 | D:6      | Gained mutation: You sometimes gain a little power by
                  | taking damage. [demonic ancestry]
  6721 | D:6      | Reached XP level 9. HP: 57/59 MP: 6/18
  6986 | D:6      | Found a shadowy altar of Dithmenos.
  7219 | D:6      | Identified the +10 spear of Igo Culi {venom, Str-4 SInv
                  | Stlth+}
  7976 | D:7      | Noticed Maggie
  8003 | D:7      | Killed Maggie
  8149 | D:7      | Identified the +6 mace of the Bruised Souls {flame, rN++}
  8315 | D:7      | Noticed an unseen horror
  8332 | D:7      | Killed an unseen horror
  8477 | D:7      | Noticed Prince Ribbit
  8486 | D:7      | Killed Prince Ribbit
  8629 | D:7      | Noticed Duvessa
  8629 | D:7      | Noticed Dowan
  8728 | D:7      | Noticed Harold
  8939 | D:7      | Killed Duvessa
  8941 | D:7      | Killed Dowan
  9184 | D:7      | Gained mutation: You sometimes gain power by taking damage.
                  | [demonic ancestry]
  9184 | D:7      | Reached XP level 10. HP: 57/66 MP: 15/21
  9279 | D:7      | Found a basalt altar of Yredelemnul.
  9346 | D:7      | Found a shimmering blue altar of Sif Muna.
  9352 | D:7      | Became a worshipper of Sif Muna the Loreminder
  9356 | D:7      | Found an opulent altar of Gozag.
  9402 | D:7      | Found Cheibriados's Comfort Zone.
  9402 | D:7      | Found a snail-covered altar of Cheibriados.
  9536 | D:7      | Killed Harold
  9739 | D:7      | Found a sacrificial altar of Ru.
 10022 | D:8      | Noticed Joseph
 10033 | D:8      | Killed Joseph
 10195 | D:8      | Found a flagged portal.
 10234 | Bailey   | Entered a bailey
 10421 | Bailey   | Noticed an orc warlord
 10766 | Bailey   | Found a runed translucent gate.
 10769 | Bailey   | Found a runed translucent gate.
 10770 | Bailey   | Found a runed translucent gate.
 10784 | Bailey   | Reached * piety under Sif Muna
 10889 | Bailey   | Killed an orc warlord
 10997 | Bailey   | Reached skill level 10 in Conjurations
 10997 | Bailey   | Gained mutation: Your touch may inflict irresistible damage
                  | on your foes. [demonic ancestry]
 10997 | Bailey   | Reached XP level 11. HP: 75/75 MP: 24/24
 11289 | D:7      | Noticed an orange crystal statue
 11807 | D:8      | Found a burning altar of Makhleb.
 12028 | D:9      | Found a hazy altar of Hepliaklqana.
 12387 | D:9      | Noticed a two-headed ogre
 12392 | D:9      | Killed a two-headed ogre
 12635 | D:10     | Entered Level 10 of the Dungeon
 13060 | D:10     | Noticed a two-headed ogre
 13089 | D:10     | Killed a two-headed ogre
 13090 | D:10     | Reached XP level 12. HP: 64/81 MP: 11/25
 13184 | D:10     | Identified the +0 robe of Paniel {rElec Int+4}
 13257 | D:10     | Found Bewoman's Antique Armour Shop.
 13658 | D:10     | Found a staircase to the Lair.
 14080 | D:10     | Noticed a two-headed ogre
 14113 | D:10     | Killed a two-headed ogre
 14114 | D:10     | Reached skill level 10 in Spellcasting
 14359 | D:10     | Found a hide-covered altar of Uskayaw.
 14575 | D:11     | Noticed a two-headed ogre
 14580 | D:11     | Killed a two-headed ogre
 14581 | D:11     | Reached skill level 10 in Air Magic
 14581 | D:11     | Reached skill level 1 in Poison Magic
 15402 | D:11     | Reached ** piety under Sif Muna
 15536 | D:11     | Learned a level 4 spell: Flame Wave
 15541 | D:11     | Learned a level 4 spell: Sticky Flame
 15633 | D:11     | Found an ornate altar of the Wu Jian Council.
 16868 | D:12     | Noticed Erolcha
 16877 | D:12     | Mangled by Erolcha

Illustrated notes

Levels and vault maps discovered:
D:1:      minmay_arrival_radiant_lines, layout_basic,
          ebering_ecumenical_altar_webs
D:2:      layout_basic, minmay_surrounded
D:3:      layout_loops_ring, slow_altar_2, serial_shops,
          nicolae_shop_advertising_works [nicolae_subvault_shop_adworks], shop,
          nicolae_shop_behind_doors, shop, nicolae_shop_window_shopping,
          goddamned_bats
D:4:      layout_rooms, hangedman_decor_growths, uniq_grinder,
          uniq_blork_the_orc
D:5:      layout_rooms, fedhas_bush_and_centaur_altar,
          minmay_temple_entry_statues_fountains, cheibrodos_sewer_entry_drain,
          uniq_ijyb, uniq_crazy_yiuf_cottage, uniq_pikel, uniq_sigmund
D:6:      old_forge, layout_gridville, mainiacjoe_overflow_surrounded_room
D:7:      statuecave_lemuel, layout_loops_corners, nicolae_ru_path_of_blood,
          mainiacjoe_overflow_catwalk, minitemple, corexii_leaking_fountain,
          minmay_misc_feat_hallway, minmay_tree_intersection, minmay_shop_chei,
          uniq_prince_ribbit1, uniq_harold, uniq_duvessa, uniq_maggie
D:8:      layout_rooms, makhleb_grotto_becter, lightli_bailey_entry_fortress,
          chequers_decorated_corner, nicolae_figureground_pulse, uniq_joseph
D:9:      layout_small_grid, nicolae_hepliaklqana_hippocampus, serial_glass,
          glass_columns_b, glass_columns_b, glass_columns_a, glass_columns_b
D:10:     layout_loops_ring, marbit_many_paths, lair_entry_dummy, serial_shops,
          shop, minmay_misc_feat_more_columns, kennysheep_opposing_triangles
D:11:     layout_stronghold, nicolae_wu_jian_wuxing_cycle
D:12:     layout_roguey [special_room_orc], orc_0_dummy, serial_bayou,
          serial_bayou_pond_b, serial_bayou_pond_e, serial_bayou_ford_a,
          serial_bayou_crossing, serial_bayou_shore_a, serial_bayou_pond_e,
          hangedman_decor_riveting, nrook_guardian_serpent_double, uniq_erolcha
Temple:   jpeg_temple_clearing

Skill      XL: |  1  2  3  4  5  6  7  8  9 10 11 12 |
---------------+-------------------------------------+-----
Air Magic      | 3 4 5 7 9 10 | 10.7
Dodging        | 2 3 4 |  4.5
Spellcasting   | 3 4 5 6 7 9 11 | 11.1
Conjurations   | 2 3 4 6 7 8 10 11 | 11.0
Fighting       | 1 3 |  3.6
Armour         | 2 |  2.3
Invocations    | 3 |  3.5
Evocations     | 2 |  2.6
Poison Magic   | 1 |  1.0
Stealth        | |  1.7
Shields        | |  0.8

Action                   |  1- 3 |  4- 6 |  7- 9 | 10-12 || total
-------------------------+-------+-------+-------+-------++-------
Melee: Unarmed           |     6 |       |       |       ||     6
       Short sword       |    19 |     2 |       |       ||    21
       Punch             |     1 |       |       |     1 ||     2
       Spear             |       |       |    12 |    68 ||    80
       Touch             |       |       |     6 |     9 ||    15
       Whip              |       |       |    17 |       ||    17
 Cast: Shock             |    83 |    98 |   252 |   164 ||   597
       Airstrike         |       |       |    43 |   150 ||   193
       Mephitic Cloud    |       |       |       |    18 ||    18
       Sticky Flame      |       |       |       |     3 ||     3
  Use: Potion            |       |       |       |     2 ||     2
 Stab: Confused          |       |       |       |     6 ||     6
Armor: Robe              |    14 |    24 |    19 |     9 ||    66
       Steam dragon scal |       |       |     8 |    10 ||    18
Dodge: Dodged            |    35 |    49 |    40 |    61 ||   185
Block: Other             |       |       |    23 |    17 ||    40
       Reflection        |       |       |     3 |     6 ||     9

Table legend: (Time is in decaauts)
 A = Elapsed time spent in this place.
 B = Non-inter-level travel time spent in this place.
 C = Inter-level travel time spent in this place.
 D = Time resting spent in this place.
 E = Time spent auto-exploring this place.
 F = Levels seen in this place.
 G = Mean time per level.
                   A        B        C        D        E       F      G
               +--------+--------+--------+--------+--------+-----+--------+
         Total |  16972 |  16529 |    443 |   4334 |   8600 |  15 | 1131.5 |
       Dungeon |  15493 |  15050 |    443 |   3645 |   8533 |  12 | 1291.1 |
        Temple |     93 |     93 |      0 |      0 |     67 |   1 |   93.0 |
         Sewer |    604 |    604 |      0 |    292 |      0 |   1 |  604.0 |
        Bailey |    781 |    781 |      0 |    397 |      0 |   1 |  781.0 |
               +--------+--------+--------+--------+--------+-----+--------+

Top non-repeatable levels by time:
    D:11: 2145 daAuts
     D:7: 2030 daAuts
     D:6: 1805 daAuts
    D:10: 1779 daAuts
     D:3: 1437 daAuts
     D:1: 1120 daAuts
     D:2: 1105 daAuts
     D:5: 1087 daAuts
     D:8: 989 daAuts
     D:4: 919 daAuts
     D:9: 818 daAuts
  Bailey: 781 daAuts
   Sewer: 604 daAuts
    D:12: 254 daAuts
  Temple: 93 daAuts
